 Dungeon Crawl Stone Soup version 0.31-a0-229-g1fc7ce93e2 (webtiles) character file.

Game seed: 9862322650776038841

152 qw the Shooter (level 5, 0/30 HPs)
             Began as a Gargoyle Hexslinger on July 6, 2023.
             Killed from afar by Grinder (6 damage)
             ... with a puff of flame
             ... while paralysed by Grinder
             ... on level 4 of the Dungeon.
             The game lasted 00:01:04 (2873 turns).

qw the Shooter (Gargoyle Hexslinger)                Turns: 2873, Time: 00:01:05

Health: 0/30       AC: 11    Str: 12    XL:     5   Next: 34%
Magic:  6/6        EV:  2    Int: 13    God:
Gold:   177        SH:  0    Dex: 14    Spells: 5/6 levels left

rFire   . . .        e - +1 sling (heavy)
rCold   . . .        (no shield)
rNeg    + . .        d - +0 ring mail
rPois   inf          (no helmet)
rElec   +            (no cloak)
rCorr   .            (no gloves)
SInv    .            g - +1 pair of boots
Will    .....        k - amulet of regeneration
Stlth   +            (no ring)
HPRegen 1.05/turn    (no ring)
MPRegen 0.10/turn

%: no passive effects
@: paralysed
A: sickness immunity, AC +4, negative energy resistance 1, electricity
resistance, torment resistance 1, petrification resistance
a: no special abilities


You were on level 4 of the Dungeon.
You visited 1 branch of the dungeon, and saw 4 of its levels.

You collected 177 gold pieces.


Innate Abilities, Weirdness & Mutations

You are immune to sickness and miasma.
Your stone body is resilient. (AC +4)
You are immune to poison.
You resist negative energy. (rN+)
You are resistant to electric shocks. (rElec)
You are resistant to unholy torment.
You are immune to petrification.


   Skills:
 - Level 2.0 Fighting
 + Level 4.9 Ranged Weapons
 - Level 1.1 Armour
 - Level 1.5 Dodging
 - Level 1.0 Spellcasting
 - Level 2.6 Hexes


You had 5 spell levels left.
You knew the following spells:

 Your Spells              Type           Power      Damage    Failure   Level
a - Slow                  Hex            28%        N/A       22%         1

Your spell library contained the following spells:

 Spells                   Type           Power      Damage    Failure   Level
 Inner Flame              Hex/Fire       4%         N/A       73%         3
 Portal Projectile        Hex/Tloc       8%         N/A       73%         3
 Cause Fear               Hex            3%         N/A       91%         4

Inventory:

Hand Weapons
 e - a +1 heavy sling (weapon)
Armour
 d - a +0 ring mail (worn)
 g - a +1 pair of boots (worn)
Jewellery
 j - a ring of protection from cold
 k - an amulet of regeneration (around neck)
Potions
 a - a potion of degeneration {unknown}
 b - a potion of heal wounds {unknown}
 c - a potion of attraction {unknown}
 f - a potion of lignification {unknown}
 h - a potion of curing {unknown}
 i - a potion of enlightenment {unknown}
 l - a potion of might {unknown}

Dungeon Overview and Level Annotations

Branches:
Dungeon (4/15)
 Temple: D:4-7

Altars:
Elyvilon
Nemelex Xobeh
Qazlal

Annotations:
D:4 Grinder


Message History

The sling bullet closely misses the giant cockroach.
Grinder zaps a wand.
The puff of flame hits you but does no damage.
Grinder blinks!
You shoot a sling bullet. The sling bullet barely misses Grinder.
Grinder closely misses you.
The giant cockroach bites you but does no damage.
Grinder closely misses you.
You shoot a sling bullet. The sling bullet barely misses Grinder.
The giant cockroach bites you. Grinder closely misses you.
The giant cockroach bites you but does no damage.
You shoot a sling bullet.
The sling bullet closely misses Grinder.
The giant cockroach barely misses you.
Grinder zaps a wand.
The puff of flame hits you!
The giant cockroach bites you but does no damage.
Grinder gestures at you. You resist with significant effort.
You shoot a sling bullet. The sling bullet hits Grinder!
Grinder is moderately wounded.
The giant cockroach barely misses you. Grinder gestures at you.
You barely resist.
Grinder says, "I used to sell toenails on the black market."
Grinder gestures at you.
You suddenly lose the ability to move!
Grinder hits you.
The black bear bites you but does no damage.
The black bear claws you but does no damage. x2
Grinder zaps a wand.
The puff of flame hits you!
The black bear bites you but does no damage.
The black bear claws you.
The black bear claws you but does no damage.
The black bear bites you but does no damage.
The black bear claws you but does no damage. x2
Grinder hits you.
The black bear bites you but does no damage.
The black bear claws you but does no damage. x2
Grinder zaps a wand.
The puff of flame hits you.
You die...

#.......#.........#
#######.#########.#
######.# #.# ##......#
#.# ##......# #.#
##......#########.#
.#####...##.......#
..####...##.##########.##
#..............5@hB...<..
######...##.######K##.###
# #.....#.# .# #
#.......# .h ###
######### #.# ..# #_## K.
..# ...8 ... ..### .....#
... .<..#8..


You could see Grinder, a black bear, a giant cockroach and a kobold.

Vanquished Creatures
  Jessica (D:3)
  4 adders
  A white imp (D:4)
  2 worms
  A dart slug (D:3)
  2 orcs (D:3)
  8 endoplasms
  3 giant cockroaches
  10 goblins
  5 hobgoblins
  3 jackals (D:1)
  6 ball pythons
  7 bats
  6 frilled lizards
  5 kobolds
  10 rats
74 creatures vanquished.

Notes
Turn   | Place    | Note
-------+----------+-------------------------------------------
     0 | D:1      | qw the Gargoyle Hexslinger began the quest for the Orb.
     0 | D:1      | Reached XP level 1. HP: 12/12 MP: 2/2
     0 | D:1      | 0 ||| qw: Version: 0.3-a-46-gb1f654a
     0 | D:1      | 0 ||| qw: Game counter: 1560
     0 | D:1      | 0 ||| qw: Melee chars always use a shield: true
     0 | D:1      | 0 ||| qw: God list: Okawaru
     0 | D:1      | 0 ||| qw: Allow faded altars: false
     0 | D:1      | 0 ||| qw: Do Orc after clearing Dungeon:15 true
     0 | D:1      | 0 ||| qw: Do second Lair branch before Depths: true
     0 | D:1      | 0 ||| qw: Lair rune preference: random
     0 | D:1      | 0 ||| qw: Goals: Normal
     0 | D:1      | 0 ||| PLANNING D:1-11
   224 | D:1      | Reached XP level 2. HP: 16/16 MP: 3/3
   325 | D:1      | Reached skill level 3 in Ranged Weapons
   539 | D:1      | Reached XP level 3. HP: 19/21 MP: 4/4
  1248 | D:1      | 1248 ||| UPGRADING to +0 ring mail.
  1258 | D:1      | 1258 ||| DROPPING +0 robe.
  1259 | D:1      | 1259 ||| READING scroll labelled CISIKLUEFI.
  1260 | D:1      | 1260 ||| READING scroll labelled HEZOWY KIUBERA.
  1274 | D:1      | 1274 ||| READING scroll labelled TUAHEIS GATHYO.
  1275 | D:1      | 1275 ||| DROPPING scroll of poison.
  1346 | D:2      | 1346 ||| STAIRDANCE
  1401 | D:2      | Reached XP level 4. HP: 20/26 MP: 5/5
  1501 | D:2      | Found a white marble altar of Elyvilon.
  1561 | D:2      | Reached skill level 4 in Ranged Weapons
  1570 | D:2      | 1570 ||| FLEEEEING.
  1571 | D:2      | 1571 ||| FLEEEEING.
  1746 | D:2      | Reached skill level 1 in Armour
  1925 | D:2      | 1925 ||| READING scroll labelled YTUADDUSER.
  1926 | D:2      | 1926 ||| READING scroll labelled VYCLESM HIHESU.
  1927 | D:2      | 1927 ||| READING scroll labelled JODAEG EVEINWO.
  2028 | D:2      | 2028 ||| READING scroll labelled VOGINW TOLES.
  2157 | D:3      | Found a stormy altar of Qazlal.
  2297 | D:3      | Noticed Jessica
  2303 | D:3      | Killed Jessica
  2304 | D:3      | Reached XP level 5. HP: 26/30 MP: 6/6
  2620 | D:3      | Found a faded altar of an unknown god.
  2748 | D:3      | 2748 ||| UPGRADING to +0 pair of boots.
  2753 | D:3      | 2753 ||| UPGRADING to amulet of regeneration.
  2758 | D:3      | 2758 ||| READING scroll labelled DUCVIC SANI.
  2762 | D:3      | 2762 ||| READING scroll labelled CUJARIA SIARPH.
  2795 | D:4      | 2795 ||| READING scroll of enchant armour.
  2795 | D:4      | 2795 ||| ENCHANTING +0 pair of boots.
  2803 | D:4      | Found a sparkling altar of Nemelex Xobeh.
  2857 | D:4      | Noticed Grinder
  2858 | D:4      | Paralysed by Grinder for 3 turns
  2860 | D:4      | Noticed a black bear
  2863 | D:4      | 2863 ||| Stepping ~*~*~tactically~*~*~ (outnumbered).
  2869 | D:4      | Paralysed by Grinder for 5 turns
  2872 | D:4      | HP: 5/30 [Grinder (4)]
  2873 | D:4      | Killed from afar by Grinder

Levels and vault maps discovered:
D:1:      nagdon_arrival_double_spiral, layout_basic
D:2:      layout_rooms, basic_altar, chequers_serial_rivers_micro_b,
          moated_statue
D:3:      layout_loops_cross, nicolae_overflow_crystal_walls,
          dilly_ecumenical_altar_fadedgnrine, grunt_ministairs_9, uniq_jessica
D:4:      layout_basic, trog_wizard, kennysheep_orc_sif_temple,
          nicolae_overflow_hidden_temple, st_stairs_12, uniq_grinder

Skill      XL: |  1  2  3  4 |
---------------+-------------+-----
Ranged Weapons | 3 4 |  4.9
Fighting       | 2 |  2.0
Armour         | 1 |  1.1
Dodging        | |  1.5
Spellcasting   | |  1.0
Hexes          | |  2.6

Action                     |  1- 3 |  4- 6 || total
---------------------------+-------+-------++-------
   Fire: Sling             |   111 |   134 ||   245
    Use: Scroll            |     3 |     7 ||    10
 Armour: Robe              |     9 |       ||     9
         Ring mail         |     6 |    67 ||    73
  Dodge: Dodged            |    30 |    59 ||    89

Table legend:
 A = Non-vault XP
 B = Vault XP
 C = Vault XP percentage of total XP
 D = Non-vault monster count
 E = Vault monster count
 F = Vault count percentage of total count
                 A         B        C        D         E       F
            +---------+---------+-------+---------+---------+-------
      Total |     179 |      39 |  17.9 |      71 |       3 |   4.1
            +---------+---------+-------+---------+---------+-------
        D:1 |      54 |       0 |   0.0 |      32 |       0 |   0.0
        D:2 |      63 |       0 |   0.0 |      17 |       0 |   0.0
        D:3 |      39 |      39 |  50.0 |      20 |       3 |  13.0
        D:4 |      23 |       0 |   0.0 |       2 |       0 |   0.0
            +---------+---------+-------+---------+---------+-------
